 Dungeon Crawl Stone Soup version 0.13-a0-2676-gd993d8a (webtiles) character file.

708 JacquesDerrida the Cudgeler (level 6, -2/48 HPs)
             Began as a Demigod Skald on Aug 12, 2013.
             Killed by nerve-wracking pain
             ... invoked by an orc priest
              (4 damage)
             ... on Level 4 of the Dungeon.
             The game lasted 00:08:26 (4758 turns).

JacquesDerrida the Cudgeler (Demigod Skald)         Turns: 4758, Time: 00:08:27

HP  -2/48        AC  3     Str 16      XL: 6   Next: 85%
MP  13/15        EV 11     Int 19      God:
Gold 141         SH  0     Dex 16      Spells:  2 memorised,  4 levels left

Res.Fire  : . . .   See Invis. : .   q - +0,+1 orc flail
Res.Cold  : + . .   Warding    : .   i - +0 elf leather armour
Life Prot.: . . .   Conserve   : .   (no shield)
Res.Poison: .       Res.Corr.  : .   (no helmet)
Res.Elec. : .       Clarity    : .   (no cloak)
Sust.Abil.: . .     Spirit.Shd : .   (no gloves)
Res.Mut.  : .       Stasis     : .   (no boots)
Res.Rott. : .       Flight     : .   (no amulet)
Saprovore : . . .                    (no ring)
                                     f - ring of protection from cold {unknown}

@: slightly resistant to hostile enchantments, unstealthy
A: no striking features
a: no special abilities


You were on level 4 of the Dungeon.
You were not hungry.

You visited 1 branch of the dungeon, and saw 4 of its levels.

You collected 121 gold pieces.

Inventory:

Hand weapons
 a - a +0,+0 mace
 q - a +0,+1 orcish flail (weapon)
 s - a cursed -2,+0 spear
 t - a +0,+0 flail
Missiles
 g - 33 poisoned needles
 h - 3 darts of flame (quivered)
 v - a throwing net [frayed]
 w - a throwing net
Armour
 b - a +0 leather armour
 i - a +0 elven leather armour (worn)
Magical devices
 l - a wand of random effects (1)
Comestibles
 d - a bread ration
 p - a meat ration
 x - a pear
 z - 2 chunks of gnoll flesh
 A - a chunk of orc flesh
Scrolls
 e - a scroll of remove curse {unknown}
 j - a scroll of identify {unknown}
 m - a scroll of blinking {unknown}
 n - 2 scrolls of recharging {unknown}
 r - a scroll of enchant armour {unknown}
 u - 2 scrolls of teleportation {unknown}
Jewellery
 f - a ring of protection from cold (left hand) {unknown}
Potions
 o - a potion of agility
Books
 c - a book of Battle

   Spells                             Type                      Level
   *Infusion                          Charms                       1
   Shroud of Golubria                 Charms/Translocation         2
   Song of Slaying                    Charms                       2
   *Spectral Weapon                   Hexes/Charms                 3
   Regeneration                       Charms/Necromancy            3
   Song of Shielding                  Charms                       4


   Skills:
 - Level 1.7 Fighting
 + Level 7.2 Maces & Flails
 - Level 0.8 Armour
 - Level 0.8 Dodging
 - Level 1.7 Spellcasting
 - Level 2.6 Charms


You had 4 spell levels left.
You knew the following spells:

 Your Spells              Type           Power        Failure   Level  Hunger
a - Infusion              Chrm           ##....       8%          1    #......
b - Spectral Weapon       Hex/Chrm       #.......     34%         3    ####...


Dungeon Overview and Level Annotations

Branches:
Dungeon (4/27)
 Temple: D:4-7


Message History

You feel troubled. The orc wizard closely misses you.
You hit the orc priest.
The orc priest is severely wounded.
Your spectral weapon hits the orc priest!
You kill the orc priest!
Your Maces & Flails skill increases to level 7!
The orc wizard closely misses you.
An orc priest comes into view. It is wielding an orcish mace.
You closely miss the orc wizard.
The orc wizard is lightly wounded.
The orc priest shouts!
Your spectral weapon hits the orc wizard.
The orc wizard barely misses you.
You barely miss the orc wizard.
The orc wizard is moderately wounded.
Your spectral weapon hits the orc wizard!
You kill the orc wizard!
The orc priest calls down the wrath of Beogh upon you.
Pain shoots through your body!
You die...

######### #.......#
#.#####.# ##########.
#.# #.# #..........
#.# ###.###.#######..
######.#
#....##.)o)...#
.......#
#.#..##.)####.#
##########'#...#@(# .#
# #.......###).# # #
#.....))'))).#
######.......####)#
'....+............#
######..g.....#####
.....%........#
.#####........########
.....'................


You could see an orc priest and a friendly spectral orcish flail.

Vanquished Creatures
  An ogre (D:4)
  The ghost of JacquesDerrida the Cudgeler, an average DgSk (D:3)
  A big kobold (D:4)
  An orc priest (D:4)
  An orc wizard (D:4)
  A halfling (D:4)
  4 adders
  6 gnolls
  An inept feature mimic (D:2)
  A worm (D:2)
  4 giant geckos
  14 orcs
  8 bats
  A bat skeleton (D:3)
  2 giant cockroaches
  15 hobgoblins
  15 kobolds
  4 giant newts
  10 goblins
  A quokka (D:4)
  9 rats
  2 bushes (D:4)
103 creatures vanquished.

Vanquished Creatures (others)
  2 halflings (D:4)
2 creatures vanquished.

Grand Total: 105 creatures vanquished

Notes
Turn   | Place    | Note
--------------------------------------------------------------
     0 | D:1      | JacquesDerrida, the Demigod Skald, began the quest for the Orb.
     0 | D:1      | Reached XP level 1. HP: 16/16 MP: 5/5
   387 | D:1      | Reached XP level 2. HP: 10/23 MP: 6/6
   739 | D:1      | Reached skill level 3 in Maces & Flails
  1531 | D:2      | Reached XP level 3. HP: 9/28 MP: 9/9
  1704 | D:2      | Learned a level 3 spell: Spectral Weapon
  2409 | D:2      | Reached skill level 4 in Maces & Flails
  2557 | D:2      | Reached XP level 4. HP: 28/35 MP: 4/11
  3072 | D:3      | Noticed JacquesDerrida's ghost (average DgSk)
  3325 | D:3      | Killed JacquesDerrida's ghost
  3325 | D:3      | Reached skill level 5 in Maces & Flails
  3325 | D:3      | Reached XP level 5. HP: 30/41 MP: 8/13
  3425 | D:3      | Found a glowing silver altar of Zin.
  3473 | D:3      | Noticed an angel
  3485 | D:3      | Found a shimmering altar of Xom.
  4197 | D:4      | Reached skill level 6 in Maces & Flails
  4197 | D:4      | Reached XP level 6. HP: 32/48 MP: 12/15
  4752 | D:4      | HP: 1/48 [orc priest/orcish flail (2)]
  4756 | D:4      | Reached skill level 7 in Maces & Flails
  4758 | D:4      | Killed from afar by an orc priest

Action                   |  1- 3 |  4- 6 || total
-------------------------+-------+-------++-------
Melee: Mace              |   202 |    91 ||   293
       Flail             |       |   139 ||   139
 Cast: Infusion          |     5 |     7 ||    12
       Spectral Weapon   |     1 |     9 ||    10
Evoke: Wand              |       |     1 ||     1
  Use: Potion            |     1 |     2 ||     3
 Stab: Distracted        |     1 |     1 ||     2
